AoeStats
← Le Tapete

Arena

510243646Analyzed
3v3 RM · 1d ago on Sep 30, 2026· 77m 26s· 6 players
Game mode
Random Map
Map size
Normal (6 player)
Population
200
Speed
Normal
Resources
Standard
Victory
Conquest
Starting age
Dark Age
Ending age
Imperial Age
RankedLock teamsTeams togetherTeam positionsShared explorationLock speedFull tech treeHidden civsTurbo modeCheats
Victory
Defeat
🇲🇽 Turks · Mexico
829
+16
🇨🇴 Vikings · Colombia
802
+17
🇲🇽 Burmese · Mexico
767
+22
🇺🇸 Bohemians · United States
838
-18
🇲🇽 Magyars · Mexico
837
-18
🇹🇷 Slavs · Türkiye
815
-17
Le Tapete
13:43 Feudal Age
18:21 Castle Age
16:47 Double-Bit Axe
16:46 Horse Collar
17:47 Loom
18:37 Wheelbarrow
20:16 Heavy Plow
21:48 Bow Saw
24:26 Gold Mining
28:07 Gold Shaft Mining
31:36 Imperial Age
29:27 Padded Archer Armor
29:17 Fletching
29:24 Stone Mining
30:32 Forging
30:23 Scale Mail Armor
30:41 Leather Archer Armor
30:32 Scale Barding Armor
32:38 Squires
32:24 Arson
32:38 Bodkin Arrow
33:30 Coinage
33:01 Caravan
35:25 Chain Mail Armor
36:37 Ring Archer Armor
38:21 Sipahi
37:32 Sappers
38:23 Conscription
40:14 Hoardings
40:19 Hand Cart
39:50 Town Watch
45:51 Banking
45:31 Guilds
45:51 Elite Janissary
46:45 Artillery
47:41 Town Patrol
47:47 Heavy Scorpion
47:49 Capped Ram
48:32 Bracer
54:33 Siege Ram
59:35 Plate Mail Armor
59:26 Chain Barding Armor
59:43 Iron Casting
59:29 Heated Shot
60:02 Ballistics
60:05 Bombard Tower
59:55 Fortified Wall
59:57 Masonry
59:43 Murder Holes
60:12 Crossbowman
61:00 Thumb Ring
60:19 Heavy Cavalry Archer
63:07 Blast Furnace
62:57 Plate Barding Armor
63:17 Parthian Tactics
64:02 Bloodlines
63:54 Husbandry
67:36 Heavy Camel Rider
kingferra
11:07 Feudal Age
17:37 Castle Age
16:38 Wheelbarrow
17:30 Scale Mail Armor
17:43 Forging
18:42 Stone Mining
18:46 Horse Collar
23:51 Loom
24:06 Man-at-Arms
28:31 Heavy Plow
38:41 Imperial Age
36:48 Husbandry
37:01 Long Swordsman
38:12 Gambesons
38:37 Pikeman
39:17 Squires
40:33 Two-Handed Swordsman
41:51 Arson
42:17 Scale Barding Armor
44:48 Halberdier
46:24 Chain Mail Armor
46:46 Iron Casting
46:19 Heavy Scorpion
48:28 Bloodlines
48:57 Plate Mail Armor
48:35 Padded Archer Armor
48:26 Fletching
50:39 Coinage
53:27 Light Cavalry
53:29 Cavalier
59:53 Hussar
62:23 Howdah
62:32 Manipur Cavalry
66:59 Onager
71:12 Banking
73:06 Capped Ram
andy uchiha
12:04 Feudal Age
13:05 Loom
13:13 Loom
17:28 Castle Age
16:51 Double-Bit Axe
16:59 Stone Mining
40:01 Imperial Age
40:42 Onager
47:27 Squires
47:19 Arson
47:40 Scale Mail Armor
47:51 Forging
47:11 Elite Varangian Guard
57:24 Pikeman
61:10 Elite Skirmisher
65:07 Padded Archer Armor
64:58 Fletching
65:43 Iron Casting
65:24 Chain Mail Armor
golgi
11:49 Feudal Age
16:24 Castle Age
14:51 Double-Bit Axe
20:44 Scale Barding Armor
24:21 Fletching
24:32 Padded Archer Armor
26:48 Forging
27:17 Gold Mining
29:29 Bodkin Arrow
29:47 Murder Holes
35:18 Imperial Age
32:35 Town Watch
34:33 Gold Shaft Mining
34:43 Chain Barding Armor
34:18 Loom
35:22 Ballistics
35:26 Leather Archer Armor
36:42 Plate Barding Armor
37:47 Detinets
38:55 Cavalier
39:35 Husbandry
40:16 Bloodlines
41:35 Iron Casting
41:35 Fortified Wall
44:37 Light Cavalry
mrusuario0001
8:05 Loom
11:41 Feudal Age
13:17 Wheelbarrow
12:30 Double-Bit Axe
12:39 Gold Mining
18:33 Castle Age
16:22 Horse Collar
19:50 Bow Saw
23:37 Hand Cart
25:55 Gold Shaft Mining
26:20 Heavy Plow
32:04 Husbandry
33:14 Stone Mining
33:21 Light Cavalry
34:39 Fletching
35:21 Pikeman
37:59 Scale Mail Armor
37:54 Bodkin Arrow
41:41 Ballistics
41:32 Caravan
41:40 Arson
42:27 Chain Mail Armor
42:18 Scale Barding Armor
42:14 Padded Archer Armor
42:30 Masonry
45:26 Imperial Age
46:01 Leather Archer Armor
46:07 Chain Barding Armor
47:22 Chemistry
46:26 Bracer
45:54 Heavy Cavalry Archer
47:02 Parthian Tactics
47:04 Bloodlines
47:41 Capped Ram
48:58 Hussar
52:16 Two-Man Saw
51:47 Crop Rotation
51:24 Halberdier
52:26 Conscription
52:09 Corvinian Army
58:35 Ring Archer Armor
61:34 Elite Magyar Huszar
62:18 Recurve Bow
63:21 Plate Barding Armor
62:53 Elite Magyar Huszar
Hazardus Chemikals
8:48 Loom
10:37 Feudal Age
13:29 Town Watch
16:27 Castle Age
14:48 Horse Collar
16:41 Double-Bit Axe
17:21 Heavy Plow
18:10 Bow Saw
24:12 Wheelbarrow
26:01 Chemistry
30:58 Herbal Medicine
37:14 Light Cavalry
43:42 Imperial Age
45:18 Hussite Reforms
45:34 Conscription
47:44 Husbandry
48:46 Hand Cart
48:31 Town Patrol
50:18 Redemption
52:37 Cavalier
57:41 Wagenburg Tactics
56:57 Elite Hussite Wagon
57:04 Elite Hussite Wagon
59:56 Fervor
60:03 Block Printing
60:28 Theocracy
60:15 Sanctity
65:39 Caravan
66:38 Elite Skirmisher
66:44 Pikeman
67:24 Squires
67:52 Fortified Wall
68:03 Ballistics
68:46 Two-Man Saw
68:09 Forging
67:59 Scale Mail Armor
67:50 Fletching
68:01 Padded Archer Armor
69:02 Halberdier
69:28 Arson
72:21 Arson
Connection lost

Rejoining the realm…

Still unreachable

The connection could not be restored.

Session expired

The server has moved on; the page needs a fresh start.